Map: World of Sleepers LE

Players

MaSa

  • Race: Terran Terran
  • Spawn Location: 7:00

Neeb - Winner!

  • Race: Protoss Protoss
  • Spawn Location: 1:00

Event: Cheeseadelphia XI, Cheeseadelphia XI

VOD

Have the link to the VOD?

Description

Time

  • Played on: Dec. 15, 2019, 5:13 p.m.
  • Length: 21:50

All games in this series

Show
View Real Time Build Order
Export as new Build Order

MaSa Terran 

Build Orders:  

Get SALT Encoding   

  12  0:00  SCV  
  13  0:13  SCV  
  14  0:16  Supply Depot  
  14  0:25  SCV  
  15  0:38  SCV  
  15  0:39  Barracks  
  16  0:48  Refinery  
  16  0:50  SCV  
  17  1:01  Engineering Bay  
  17  1:02  SCV  
  18  1:15  SCV  
  19  1:26  Marine  
  19  1:27  Orbital Command  
  20  1:46  Marine  
  21  1:52  SCV, Supply Depot  
  22  2:04  Marine  
  23  2:13  SCV, Command Center  
  24  2:21  Factory  
  24  2:23  Refinery  
  24  2:25  SCV  
  24  2:27  Barracks Reactor  
  25  2:37  SCV  
  26  2:49  SCV  
  27  3:02  SCV  
  27  3:04  Marine  
  27  3:05  Starport, Widow Mine  
  31  3:24  Marine x2  
  31  3:25  SCV, Orbital Command  
  34  3:28  Widow Mine  
  36  3:37  SCV  
  37  3:42  Viking, Marine  
  37  3:47  Orbital Command  
  40  3:49  SCV, Supply Depot  
  40  3:50  Widow Mine  
  43  4:01  SCV  
  43  4:02  Marine x2  
  46  4:05  Supply Depot  
  46  4:13  Factory Tech Lab, SCV, Starport Tech Lab  
  46  4:16  SCV, Viking  
  50  4:22  Supply Depot  
  50  4:24  Marine  
  50  4:25  SCV, Marine  
  50  4:28  SCV  
  54  4:32  Cyclone  
  54  4:37  SCV  
  58  4:47  Starport Tech Lab  
  58  4:50  Command Center  
  58  4:51  SCV  
  59  4:53  Marine  
  60  5:01  SCV  
  60  5:05  Siege Tank  
  64  5:15  Barracks  
  64  5:17  SCV  
  64  5:18  Barracks  
  64  5:19  Starport Reactor  
  65  5:22  SCV  
  65  5:23  Stimpack  
  65  5:24  Engineering Bay, Supply Depot  
  66  5:31  SCV  
  66  5:35  Marine  
  66  5:38  Siege Tank  
  68  5:43  SCV  
  68  5:49  SCV  
  70  5:53  Marauder  
  70  5:55  SCV  
  73  6:01  SCV  
  73  6:03  Marine x2  
  76  6:04  SCV  
  76  6:11  SCV, Marine  
  72  6:13  SCV  
  72  6:14  Marauder  
  72  6:15  Siege Tank  
  72  6:17  Barracks  
  69  6:19  Barracks  
  69  6:21  Marine  
  63  6:27  Orbital Command  
  63  6:28  Terran Infantry Weapons Level 1, SCV  
  63  6:30  Refinery x2  
  63  6:32  Barracks Tech Lab  
  61  6:33  SCV  
  61  6:38  Marine  
  63  6:41  Supply Depot x2  
  63  6:43  SCV  
  63  6:45  Medivac  
  66  6:48  SCV  
  67  6:55  SCV  
  67  7:00  SCV  
  67  7:01  Factory Reactor  
  67  7:02  Orbital Command  
  67  7:03  Marine x2  
  67  7:04  Supply Depot, Marauder  
  67  7:05  Supply Depot, Marauder  
  67  7:07  SCV  
  74  7:11  Medivac  
  74  7:12  SCV  
  74  7:14  Barracks Reactor  
  77  7:18  Missile Turret  
  77  7:19  SCV  
  78  7:24  SCV  
  78  7:25  Marine x2  
  78  7:26  Marauder x2  
  78  7:28  Medivac  
  88  7:30  SCV  
  88  7:31  SCV  
  88  7:36  SCV  
  90  7:40  Marauder, Concussive Shells  
  90  7:41  Supply Depot  
  90  7:42  SCV, Refinery  
  90  7:44  SCV  
  94  7:47  Marauder, Refinery  
  94  7:48  Combat Shield  
  94  7:50  Missile Turret  
  94  7:51  SCV, Widow Mine  
  99  7:54  SCV  
  99  7:55  Supply Depot  
  99  7:56  SCV  
  101  8:03  SCV  
  101  8:05  Supply Depot  
  101  8:06  SCV  
  101  8:08  SCV  
  101  8:09  Marauder, Marine x3  
  101  8:10  Marauder x2, Marine  
  111  8:15  SCV, Widow Mine x2  
  111  8:18  Armory, SCV  
  111  8:19  Engineering Bay  
  117  8:22  SCV, Medivac  
  117  8:25  Medivac  
  122  8:27  SCV  
  122  8:29  Marine  
  122  8:32  Supply Depot  
  122  8:33  Supply Depot  
  124  8:36  Marauder x2, Marine  
  124  8:37  Marine  
  124  8:38  SCV  
  124  8:39  SCV  
  132  8:42  Missile Turret, Terran Infantry Armor Level 1, Marine  
  133  8:52  Supply Depot  
  133  8:53  SCV, Marine  
  133  8:54  Widow Mine x2  
  133  8:55  Supply Depot  
  139  8:57  Marauder  
  139  8:59  Marine  
  139  9:00  Marauder, Marine  
  139  9:01  SCV  
  146  9:04  Medivac  
  146  9:08  SCV  
  149  9:12  Medivac  
  149  9:13  Marine  
  149  9:14  Marauder, Marine  
  153  9:19  Marauder  
  153  9:21  Supply Depot, Command Center  
  153  9:22  Marauder  
  153  9:24  Supply Depot  
  157  9:25  SCV  
  157  9:26  Supply Depot  
  157  9:29  Terran Infantry Weapons Level 2  
  158  9:31  Widow Mine  
  158  9:36  Widow Mine  
  161  9:43  Marine  
  161  9:44  Marauder x2, Marine x2  
  168  9:54  Marine  
  168  9:55  Marauder  
  165  10:01  Marine  
  165  10:02  Barracks  
  165  10:03  Barracks  
  165  10:05  Marauder x2, Marine  
  156  10:09  SCV  
  156  10:10  SCV x2  
  156  10:12  Supply Depot x2  
  159  10:16  Marauder  
  159  10:18  Liberator x2  
  154  10:21  Marine x2  
  154  10:22  Widow Mine x2  
  154  10:26  Marauder  
  154  10:27  Marauder  
  164  10:30  Fusion Core, Starport  
  164  10:31  Terran Ship Weapons Level 1  
  162  10:40  SCV x2  
  162  10:45  Refinery  
  162  10:47  Sensor Tower  
  162  10:51  Widow Mine x2  
  162  10:52  Barracks Reactor  
  162  10:53  Barracks Tech Lab  
  162  10:54  Missile Turret  
  162  10:56  Ghost Academy  
  166  10:57  Terran Infantry Armor Level 2  
  166  11:04  Liberator x2  
  166  11:05  SCV x2  
  168  11:13  Planetary Fortress  
  168  11:21  Starport Tech Lab, Advanced Ballistics  
  174  11:28  Liberator, Marauder, Marine  
  177  11:34  Marine x3  
  177  11:35  Marauder x2, Marine x2  
  183  11:44  Marauder  
  183  11:45  Marine  
  100  11:47  Liberator  
  186  11:48  Liberator  
  186  11:49  Marauder  
  186  11:52  Marine x3  
  191  11:56  Marauder x2  
  191  11:58  Marine  
  191  11:59  Marine  
  175  12:03  Marine  
  175  12:05  Marauder  
  163  12:10  Marine x3  
  163  12:11  Marauder  
  163  12:15  SCV x2  
  157  12:16  Marine x2  
  157  12:17  Marauder x2  
  157  12:19  SCV  
  157  12:21  Marine  
  157  12:22  Liberator  
  152  12:26  Marine  
  152  12:27  SCV  
  152  12:28  Marine x3  
  157  12:32  Marauder  
  157  12:34  Marine x2  
  157  12:35  SCV  
  157  12:36  SCV  
  162  12:39  Marauder x2  
  162  12:42  Terran Infantry Weapons Level 3, Terran Ship Weapons Level 2  
  169  12:44  Marauder  
  169  12:46  Liberator x2  
  171  12:55  Command Center  
  171  12:56  Marauder, Marine x3  
  176  13:04  Liberator  
  182  13:13  Marine x2  
  182  13:14  Marauder x2  
  181  13:25  Marine  
  181  13:26  Marauder  
  142  13:36  Marine x2  
  142  13:37  Marauder  
  142  13:38  Marauder, Marine  
  138  13:46  Medivac x2  
  125  13:50  Rapid Reignition System  
  125  13:51  Marine  
  125  13:52  Marauder x2, Marine x2  
  125  13:54  Marine  
  131  14:01  Marine x2  
  131  14:02  Marauder x2  
  136  14:04  Medivac  
  136  14:06  Command Center  
  136  14:08  Command Center  
  136  14:09  Marine  
  139  14:12  Marine x2  
  139  14:13  Marauder x2  
  139  14:15  Barracks  
  139  14:16  Medivac x2  
  149  14:18  Barracks, Starport  
  149  14:24  Sensor Tower  
  149  14:29  Liberator, Marine x2  
  149  14:30  Marauder x2  
  155  14:34  Medivac  
  157  14:39  Marauder, Marine x3  
  157  14:40  Marauder  
  157  14:43  Refinery, Command Center  
  164  14:46  Medivac  
  164  14:47  Liberator, Refinery  
  168  14:53  Enhanced Shockwaves, Marine x2  
  170  15:00  Planetary Fortress  
  173  15:10  Starport Reactor  
  173  15:11  Liberator  
  173  15:13  Marauder, Marine x3  
  173  15:14  Barracks Tech Lab  
  178  15:16  Medivac  
  178  15:19  Orbital Command  
  180  15:28  Liberator  
  180  15:29  Terran Ship Weapons Level 3  
  180  15:32  Marine x2  
  180  15:33  Missile Turret, Marauder  
  173  15:46  Missile Turret  
  155  15:58  Marauder, Marine  
  155  16:00  Marauder  
  155  16:04  Marauder, Marine  
  150  16:10  Marauder, Marine  
  136  16:19  Medivac x2, Marine, Marauder  
  136  16:21  Marauder, Marine  
  136  16:23  Marine  
  136  16:24  SCV, Marauder  
  136  16:25  SCV x2  
  132  16:28  Marauder, Marine x3  
  129  16:36  SCV  
  129  16:37  SCV x2  
  129  16:38  Liberator, Marine  
  129  16:39  Marauder  
  131  16:40  Marine  
  132  16:49  SCV x3  
  135  16:57  Liberator  
  135  17:00  Planetary Fortress  
  135  17:01  SCV x3, Refinery  
  138  17:07  Marauder, Marine  
  141  17:11  Missile Turret  
  141  17:13  SCV x3  
  144  17:20  Orbital Command  
  144  17:21  Marauder x2  
  141  17:25  SCV x3  
  141  17:32  Marauder x2, Marine x4  
  149  17:37  SCV x2  
  145  17:44  Marauder x2  
  126  17:53  Marine  
  126  17:54  Marauder x2, Marine x2  
  111  18:03  Marine x2  
  111  18:04  Marauder, Marine x2  
  111  18:05  SCV x4, Marine  
  119  18:06  Marauder  
  119  18:08  Supply Depot, Refinery  
  119  18:09  Supply Depot  
  119  18:11  Marine  
  123  18:15  Marauder  
  123  18:16  Liberator  
  123  18:17  SCV x4  
  129  18:22  Marine  
  129  18:23  Marauder, Marine x2  
  129  18:24  Marauder  
  129  18:25  Marauder, Marine  
  139  18:27  Marauder  
  141  18:35  Liberator, Marine x2  
  141  18:37  Marauder  
  141  18:38  Marine  
  146  18:42  Liberator  
  146  18:44  Marauder  
  146  18:45  Liberator, Marauder  
  146  18:46  Marauder  
  146  18:48  Missile Turret, Marauder  
  154  18:50  Marine  
  154  18:53  Refinery  
  158  18:58  Marauder  
  158  19:01  Liberator, Marine  
  167  19:05  Marauder  
  167  19:07  Marine x2  
  167  19:08  Marauder x2, Medivac  
  177  19:13  SCV x2  
  177  19:14  SCV  
  180  19:18  Liberator  
  180  19:19  Marauder x2, Marine  
  188  19:30  Marine x5  
  188  19:31  Marauder x2  
  197  19:33  Liberator x3  
  197  19:35  Missile Turret  
  200  19:40  Command Center  
  200  19:43  Liberator, Marine x2  
  176  20:01  Liberator  
  132  20:18  Marauder x2, Marine  
  132  20:19  Marine x2  
  132  20:20  Liberator, Marauder, Marine  
  142  20:28  Marauder, Marine  
  135  20:32  Marine  
  135  20:33  SCV  
  135  20:34  SCV  
  131  20:44  Marine  
  124  21:21  Supply Depot  
Show
View Real Time Build Order
Export as new Build Order

Neeb Protoss - Winner!

Build Orders: Oracle Opening, Phoenix Opening 

Get SALT Encoding   

  12  0:00  Probe  
  13  0:13  Probe  
  14  0:17  Pylon  
  14  0:25  Probe (Chrono Boost)  
  15  0:37  Probe (Chrono Boost), Gateway  
  16  0:44  Probe (Chrono Boost)  
  16  0:45  Assimilator  
  17  0:51  Probe  
  18  1:03  Probe  
  19  1:15  Probe  
  20  1:30  Zealot  
  22  1:33  Pylon, Probe, Cybernetics Core  
  22  1:37  Assimilator  
  23  1:40  Pylon  
  23  1:45  Probe (Chrono Boost)  
  23  1:58  Probe (Chrono Boost)  
  26  2:04  Probe (Chrono Boost)  
  25  2:12  Probe  
  25  2:14  Stargate  
  26  2:22  Nexus  
  26  2:27  Probe  
  27  2:34  Warp Gate  
  29  2:39  Probe  
  29  2:40  Pylon  
  28  2:51  Probe  
  28  2:55  Oracle (Chrono Boost)  
  32  3:03  Stalker, Probe  
  35  3:15  Probe  
  36  3:26  Phoenix (Chrono Boost)  
  36  3:27  Pylon  
  36  3:28  Probe  
  39  3:34  Probe  
  39  3:40  Probe  
  41  3:42  Phoenix (Chrono Boost)  
  41  3:46  Probe  
  44  3:52  Probe  
  45  3:59  Probe  
  43  4:04  Phoenix (Chrono Boost)  
  43  4:06  Probe  
  46  4:11  Probe  
  47  4:18  Probe  
  47  4:23  Probe  
  49  4:24  Nexus  
  49  4:25  Pylon  
  49  4:26  Phoenix  
  49  4:31  Pylon, Probe  
  51  4:35  Probe  
  53  4:40  Gateway  
  53  4:43  Probe  
  53  4:44  Gateway  
  54  4:47  Probe  
  54  4:50  Assimilator  
  54  4:52  Assimilator  
  55  4:56  Probe  
  55  4:57  Sentry  
  58  5:01  Probe, Forge  
  59  5:07  Twilight Council  
  59  5:08  Probe  
  59  5:13  Probe  
  61  5:20  Probe  
  62  5:24  Pylon  
  62  5:25  Probe  
  63  5:31  Protoss Ground Armor Level 1 (Chrono Boost)  
  63  5:32  Probe  
  64  5:36  Phoenix, Probe  
  64  5:37  Probe  
  64  5:40  Stalker x3  
  74  5:49  Shield Battery x2  
  72  6:01  Phoenix  
  72  6:09  Stalker x3  
  72  6:14  Probe  
  72  6:15  Probe  
  72  6:17  Probe  
  73  6:24  Charge  
  67  6:27  Probe (Chrono Boost), Assimilator x2  
  67  6:28  Probe (Chrono Boost)  
  67  6:29  Probe (Chrono Boost)  
  67  6:31  Sentry, Gateway  
  67  6:32  Sentry  
  74  6:33  Gateway  
  74  6:35  Gateway  
  76  6:41  Probe (Chrono Boost)  
  76  6:44  Probe (Chrono Boost)  
  76  6:45  Probe (Chrono Boost)  
  77  6:47  Probe (Chrono Boost), Gateway  
  77  6:50  Gateway  
  77  6:51  Probe x2 (Chrono Boost)  
  80  6:58  Probe  
  81  7:02  Templar Archives  
  81  7:03  Probe x2  
  81  7:04  Pylon  
  81  7:06  Robotics Facility  
  83  7:19  Protoss Ground Weapons Level 1 (Chrono Boost)  
  83  7:20  Zealot x3  
  83  7:21  Psionic Storm  
  89  7:24  Forge  
  89  7:33  Nexus  
  89  7:34  Pylon  
  89  7:36  Zealot x3  
  95  7:39  Pylon  
  95  7:40  High Templar x2  
  95  7:43  High Templar  
  101  7:47  Probe x2  
  101  7:48  Probe  
  104  7:51  Zealot, Protoss Ground Armor Level 2 (Chrono Boost)  
  104  7:52  Zealot  
  104  7:55  Pylon  
  108  7:59  Probe x2  
  108  8:00  Probe  
  108  8:02  High Templar, Zealot  
  113  8:10  Zealot  
  113  8:11  Probe  
  116  8:13  Warp Prism (Chrono Boost)  
  116  8:14  Zealot x2  
  116  8:19  High Templar  
  124  8:20  High Templar, Zealot  
  124  8:24  Archon, Photon Cannon  
  128  8:27  Probe x3  
  128  8:31  Blink, Assimilator  
  131  8:35  Assimilator  
  131  8:43  Zealot  
  131  8:46  Pylon, High Templar, Zealot x4  
  131  8:47  Observer (Chrono Boost)  
  144  8:57  Stalker  
  144  8:58  Stalker  
  144  9:01  Immortal  
  148  9:15  High Templar x2  
  150  9:21  Zealot x3  
  150  9:23  Protoss Ground Weapons Level 2 (Chrono Boost)  
  150  9:24  Pylon  
  156  9:25  Pylon  
  156  9:26  Pylon  
  156  9:28  Pylon x2  
  156  9:29  Robotics Bay  
  156  9:31  Pylon  
  156  9:34  Robotics Facility  
  156  9:41  Photon Cannon  
  156  9:43  Shield Battery  
  156  9:45  Zealot x4  
  164  9:46  Photon Cannon  
  164  9:47  Pylon  
  154  9:55  Archon  
  154  9:56  Stalker x4  
  155  10:02  Archon  
  155  10:03  Probe  
  155  10:04  Probe  
  155  10:06  Zealot x4  
  159  10:09  Probe  
  159  10:11  Probe  
  157  10:16  Probe  
  157  10:18  Probe  
  157  10:23  Stalker x4  
  157  10:28  Probe x2  
  167  10:34  High Templar x4  
  175  10:41  Extended Thermal Lance, Colossus (Chrono Boost)  
  175  10:42  Colossus (Chrono Boost)  
  187  10:51  Photon Cannon  
  187  10:58  Protoss Ground Armor Level 3 (Chrono Boost)  
  187  11:07  Nexus  
  185  11:19  Stalker x7  
  199  11:30  Pylon  
  199  11:32  Gateway  
  199  11:35  Gateway  
  199  11:36  Dark Shrine  
  199  11:44  Protoss Ground Weapons Level 3 (Chrono Boost)  
  195  11:47  Zealot x2  
  149  12:11  Stalker x3, Zealot x5  
  149  12:14  Colossus (Chrono Boost)  
  136  12:20  Colossus (Chrono Boost)  
  118  12:32  High Templar x3  
  118  12:33  Zealot x4  
  118  12:35  Zealot x3  
  138  12:50  Assimilator  
  138  12:56  Stalker x7  
  152  13:01  Colossus (Chrono Boost)  
  144  13:18  Stalker  
  144  13:19  Stalker x9  
  115  13:40  Archon  
  109  13:41  Stalker x2  
  109  13:42  Stalker x4  
  109  13:43  Stalker x2  
  109  13:47  Probe x2  
  123  13:49  Probe x2  
  123  13:51  Warp Prism (Chrono Boost)  
  127  13:57  Protoss Shields Level 1 (Chrono Boost)  
  127  13:58  High Templar, Sentry  
  131  14:05  Gravitic Drive  
  131  14:08  High Templar  
  131  14:09  Zealot x4  
  141  14:18  High Templar, Immortal (Chrono Boost)  
  147  14:24  Immortal (Chrono Boost)  
  151  14:35  Stalker x2  
  151  14:36  Stalker  
  157  14:47  Colossus (Chrono Boost)  
  163  14:57  High Templar x3  
  169  15:01  Gateway  
  169  15:03  Gateway  
  169  15:06  Dark Templar  
  169  15:07  Zealot x6  
  183  15:28  Zealot x6  
  193  15:42  Pylon, Nexus  
  189  15:43  Stalker  
  189  15:44  Stalker x3  
  189  15:48  Pylon, Probe  
  189  15:49  Probe x2  
  191  15:51  Pylon  
  159  16:08  Stalker x7  
  159  16:10  Probe  
  152  16:18  Probe  
  152  16:22  Probe x2  
  113  16:37  Stalker x4  
  113  16:38  Stalker x4  
  127  16:42  Probe, Archon  
  127  16:43  Probe  
  127  16:44  Colossus (Chrono Boost), Probe  
  127  16:46  Protoss Shields Level 2 (Chrono Boost)  
  126  16:49  Colossus (Chrono Boost)  
  136  17:18  Zealot x9  
  150  17:25  Probe x4  
  150  17:26  Probe  
  152  17:42  High Templar x3  
  152  17:43  High Templar x5  
  130  18:02  Immortal x2  
  130  18:03  Nexus  
  130  18:09  Assimilator  
  130  18:10  Assimilator  
  138  18:12  Archon  
  138  18:20  Stalker x5  
  138  18:26  Stalker x2  
  152  18:31  Stalker  
  150  18:47  Stalker x5  
  160  19:07  Dark Templar  
  162  19:10  Dark Templar  
  162  19:12  Stalker x4  
  162  19:13  Stalker x2  
  176  19:24  Photon Cannon  
  176  19:27  Shield Battery  
  180  19:31  Immortal x2  
  180  19:36  Probe  
  185  19:38  Pylon  
  185  19:48  Stalker x2  
  181  20:01  Dark Templar  
  153  20:31  Stalker x11  
  175  20:36  Pylon  
  165  21:07  Zealot x4  
  165  21:08  Zealot x7  
  193  21:25  Stalker  
  193  21:34  Stalker x3  
Tags
 
Add a new tag
Caveats
  • Supply blocks, unpowered buildings, or Contaminate may cause inaccurate times.
  • Supply counts are checked every 10 seconds.